 Dungeon Crawl Stone Soup version 0.30.1 (webtiles) character file.

Game seed: 4345170875871695780

58 boopmooplesden the Twirler (level 4, -14/27 HPs)
             Began as a Gargoyle Gladiator on July 11, 2023.
             Killed by an exploding goblin (17 damage)
             ... ignited by their inner flame
             ... on level 2 of the Dungeon.
             The game lasted 00:01:09 (387 turns).

boopmooplesden the Twirler (Gargoyle Gladiator)      Turns: 387, Time: 00:01:10

Health: -14/27     AC:  8    Str: 25    XL:     4   Next: 2%
Magic:  4/4        EV: 12    Int:  9    God:
Gold:   64         SH:  0    Dex: 11    Spells: 3/3 levels left

rFire   . . .        a - +0 quarterstaff
rCold   . . .        (shield currently unavailable)
rNeg    + . .        b - +0 leather armour
rPois   ∞            c - +0 helmet
rElec   +            (no cloak)
rCorr   .            k - +0 pair of gloves
SInv    .            (no boots)
Will    .....        (no amulet)
Stlth   +            g - +6 ring of strength
HPRegen 0.24/turn    (no ring)
MPRegen 0.09/turn

%: no passive effects
@: no status effects
A: sickness immunity, AC +3, negative energy resistance 1, electricity
resistance, torment resistance 1, petrification resistance
a: no special abilities


You were on level 2 of the Dungeon.
You visited 1 branch of the dungeon, and saw 2 of its levels.

You collected 64 gold pieces.

Inventory:

Hand Weapons
 a - a +0 quarterstaff (weapon)
Missiles
 d - 3 throwing nets (quivered)
 e - a javelin
Armour
 b - a +0 leather armour (worn)
 c - a +0 helmet (worn)
 k - a +0 pair of gloves (worn)
Jewellery
 g - a +6 ring of strength (left hand)
Scrolls
 i - a scroll of torment {unknown}
Potions
 j - a potion of ambrosia {unknown}


   Skills:
 + Level 2.7 Fighting
 + Level 3.9 Staves
 + Level 2.0 Throwing
 + Level 2.9 Dodging


You had 3 spell levels left.
You didn't know any spells.
Your spell library contained the following spells:

 Spells                   Type           Power      Damage    Failure   Level
 Lesser Beckoning         Tloc           0%         N/A       56%         2
 Gell's Gravitas          Tloc           0%         N/A       80%         3
 Teleport Other           Tloc           0%         N/A       80%         3


Dungeon Overview and Level Annotations

Branches:
Dungeon (1/15)

Altars:

Annotations:
D:2 Robin


Innate Abilities, Weirdness & Mutations

You are immune to sickness and miasma.
Your stone body is resilient. (AC +3)
You are immune to poison.
You resist negative energy. (rN+)
You are resistant to electric shocks. (rElec)
You are resistant to unholy torment.
You are immune to petrification.


Message History

You see here a +0 club.
The goblin attacks as you move away! The goblin hits you but does no damage.
It was a potion of curing.
You feel better. The goblin misses you.
You completely miss the goblin. The goblin misses you.
You hit the goblin.
The goblin is severely wounded.
The goblin no longer looks unusually strong.
The goblin hits you but does no damage.
You sock the goblin!
You kill the goblin!
You have reached level 4!
You feel clever.
You closely miss the hobgoblin. The hobgoblin closely misses you.
You sock the hobgoblin!
You kill the hobgoblin!
Robin throws the goblin at you! The goblin hits you with a +0 dagger.
You closely miss the goblin. Robin completely misses you.
The goblin hits you with a +0 dagger.
* * * LOW HITPOINT WARNING * * *
You closely miss Robin. The goblin hits you with a +0 dagger.
* * * LOW HITPOINT WARNING * * *
Robin hits you with a +0 dagger.
* * * LOW HITPOINT WARNING * * *
You barely miss Robin.
The goblin no longer looks unusually strong.
Robin hits you with a +0 dagger.
* * * LOW HITPOINT WARNING * * *
The goblin closely misses you.
Unknown command.
As you read the scroll labelled ACA JIXTYURPHAINT, it crumbles to dust.
The creatures around you are filled with an inner flame!
It was a scroll of immolation.
Robin roars a battlecry!
The goblin goes into a battle-frenzy!
The goblin hits you but does no damage.
You thump the goblin!
The goblin explodes!
The fiery explosion engulfs you!
Ouch! That really hurt!
You die...

... #.# #g.# ### ... #.#
#..# ...#.# #.# #g.#
#.#.# #.# #..##
#...###.# #####...#
#####.....# #..)gg..#
..#...###[## #)#####.#
#.#.####...# #g# #.#
#...# #.#.# #@# #.#
##.## #.#.#####§# #.#
#.# ..#....##§# #.# #.#
#######.##.# #.# #.#
#....##.# #.# ##.#
#.##.##.#####.#
##.#####.#.##..........#
.................#######
#.################


You could see Robin (inner flame).

Vanquished Creatures
  3 adders (D:2)
  A dart slug (D:1)
  3 bats (D:1)
  3 endoplasms (D:1)
  A giant cockroach (D:2)
  6 goblins (D:2)
  4 hobgoblins
  2 jackals (D:1)
  A quokka (D:1)
  A frilled lizard (D:2)
  A rat (D:1)
26 creatures vanquished.

Notes
Turn   | Place    | Note
-------+----------+-------------------------------------------
     0 | D:1      | boopmooplesden the Gargoyle Gladiator began the quest for
                  | the Orb.
     0 | D:1      | Reached XP level 1. HP: 12/12 MP: 1/1
    98 | D:1      | Reached XP level 2. HP: 17/17 MP: 2/2
   231 | D:1      | You fall into a shaft and drop 1 floor!
   269 | D:2      | Reached XP level 3. HP: 22/22 MP: 3/3
   357 | D:2      | Noticed Robin
   381 | D:2      | Reached XP level 4. HP: 14/27 MP: 4/4
   387 | D:2      | Killed by an exploding goblin... ignited by their inner
                  | flame

Illustrated notes

Levels and vault maps discovered:
D:1:      minmay_arrival_stair_chambers, layout_basic, columned_hall_lemuel,
          minmay_misc_feat_tower
D:2:      layout_loops_ring, kennysheep_generic_room_4, uniq_robin

Skill      XL: |  1  2 |
---------------+-------+-----
Throwing       | 2 |  2.0
Fighting       | |  2.7
Staves         | |  3.9
Dodging        | |  2.9

Action                     |  1- 3 |  4- 6 || total
---------------------------+-------+-------++-------
  Melee: Quarterstaff      |    60 |     6 ||    66
    Use: Potion            |     1 |       ||     1
         Scroll            |       |     1 ||     1
 Armour: Leather armour    |    28 |     1 ||    29
  Dodge: Dodged            |    40 |     3 ||    43
